 Dungeon Crawl Stone Soup version 0.14.0-17-gc0b17a5 (webtiles) character file.

7842 Heini the Basher (level 10, -6/94 HPs)
             Began as a Minotaur Fighter on Apr 18, 2014.
             Was an Elder of Okawaru.
             Mangled by a blink frog (10 damage)
             ... led by Prince Ribbit
             ... on Level 1 of the Lair of Beasts.
             The game lasted 00:48:33 (9167 turns).

Heini the Basher (Minotaur Fighter)                 Turns: 9167, Time: 00:48:34

HP  -6/94        AC 14     Str 23      XL: 10   Next: 90%
MP   0/4         EV  7     Int  5      God: Okawaru [****..]
Gold 530         SH 19     Dex 11      Spells:  0 memorised,  9 levels left

rFire  + . .     SeeInvis +     I - +0 morningstar
rCold  . . .     Clarity  .     b - +0 scale mail
rNeg   . . .     Conserve .     c - +0 shield
rPois  .         rCorr    .     (helmet restricted)
rElec  .         rRot     .     t - +0 cloak
SustAb . .       Spirit   +     B - +0 pair of gloves
rMut   .         Warding  .     X - +1 pair of boots
Saprov . . .     Stasis   .     l - amulet of guardian spirit
MR     .....                    q - ring of see invisible
                                h - ring of protection from fire

@: not resistant to hostile enchantments, extremely unstealthy
A: retaliatory headbutt, horns 2
a: Heroism, Renounce Religion


You were on level 1 of the Lair of Beasts.
You worshipped Okawaru.
Okawaru was greatly pleased with you.
You were hungry.

You visited 2 branches of the dungeon, and saw 10 of its levels.

You collected 530 gold pieces.

Inventory:

Hand weapons
 a - a +0,+1 flail
 I - a +0,+0 morningstar (weapon)
Armour
 b - a +0 scale mail (worn)
 c - a +0 shield (worn)
 t - a +0 cloak (worn)
 B - a +0 pair of gloves (worn)
 X - a +1 pair of boots (worn)
Magical devices
 o - a wand of fireball (6)
 C - a wand of teleportation (1)
 H - a wand of slowing (11)
 P - a wand of fireball (5)
Comestibles
 d - 5 bread rations
 g - a sausage
 s - 2 apples
 u - a strawberry
 v - a slice of pizza
 z - 2 pears
 A - 3 chokos
 L - 2 meat rations
Scrolls
 j - 6 scrolls of remove curse
 k - 2 scrolls of teleportation
 n - a scroll of enchant weapon III {unknown}
 p - a scroll of identify
 x - a scroll of amnesia
 y - a scroll of blinking {unknown}
 F - 2 scrolls of fear
 S - a scroll of recharging
 V - a scroll of magic mapping
Jewellery
 h - a ring of protection from fire (left hand)
 l - an amulet of guardian spirit (around neck)
 q - a ring of see invisible (right hand)
 w - an uncursed ring of protection from magic
 G - a +2 ring of protection
 K - an uncursed ring of teleport control
 T - an uncursed amulet of rage
Potions
 e - a potion of berserk rage {unknown}
 i - 4 potions of heal wounds
 m - a potion of resistance
 r - 14 potions of curing
 D - 2 potions of cure mutation
 E - a potion of magic
 N - 2 potions of might
 O - a potion of flight
 W - a potion of brilliance
Books
 J - a book of Envenomations

   Spells                             Type                      Level
   Spider Form                        Transmutation/Poison         3
   Poison Weapon                      Charms/Poison                3
   Alistair's Intoxication            Transmutation/Poison         4
   Olgreb's Toxic Radiance            Poison                       4
   Poisonous Cloud                    Conjuration/Poison/Air       6


   Skills:
 * Level 10.8 Fighting
 * Level 13.7 Maces & Flails
 * Level 10.5 Armour
 - Level 3.9 Shields


You had 9 spell levels left.
You didn't know any spells.

Dungeon Overview and Level Annotations

Branches:
Dungeon (9/15)             Temple (0/1) D:7            Lair (1/8) D:8
    Orc: D:9-12

Altars:
Ashenzari
Dithmenos
Fedhas
Kikubaaqudgha
Okawaru

Shops:
D:8 [


Innate Abilities, Weirdness & Mutations

You reflexively headbutt those who attack you in melee.
You have a pair of horns on your head.


Message History

The blink frog blinks!
The blink frog hits you but does no damage.
You bludgeon the blink frog!!
You kill the blink frog!
Okawaru accepts your kill. The blink frog hits you!
* * * LOW HITPOINT WARNING * * *
The blink frog completely misses you. You furiously retaliate!
You headbutt the blink frog. You hit the blink frog.
You headbutt the blink frog!
You kill the blink frog!
Okawaru accepts your kill.
You miss the blink frog.
Your headbutt passes through the blink frog as it momentarily phases out.
The blink frog is severely wounded.
The blink frog hits you!
* * * LOW HITPOINT WARNING * * *
The blink frog blinks!
The blink frog hits you!
You die...

.#### #..#
##...####..
##.....##..##
##.......#..P#
##...........#
###[...........## .
#.#.............#
...
##......##.......#
#...#
##.@F....###......#
#..... ##.......##
##...###
##....##.§%%..###
##...## #
.......§#[.....#
#...#.#..
%..f.f.#%......#
###..#...
.....##.......##
##..#...
.Pf%........###
#..##P..
%.%.(......## #.##
#. .%.......## ##.#
#


You could see a blink frog.

Vanquished Creatures
  The ghost of Heini the Hoplite, an experienced MiFi of Okawaru (D:6)
  2 spiny frogs (Lair:1)
  Grinder (D:4)
  A komodo dragon (Lair:1)
  Prince Ribbit (Lair:1)
  2 blink frogs (Lair:1)
  A deep elf fighter (D:8)
  3 yaks (Lair:1)
  2 hippogriffs (Lair:1)
  A porcupine (Lair:1)
  2 necrophages (D:8)
  A water moccasin (Lair:1)
  2 ice beasts
  2 sky beasts
  2 ogres
  2 centaurs
  2 crocodiles (D:8)
  2 big kobolds
  Sigmund (D:4)
  Duvessa (D:8)
  4 giant frogs
  A gnoll sergeant (D:8)
  3 scorpions
  7 wights
  Dowan (D:8)
  4 goliath beetles
  6 crimson imps
  2 jellies
  3 orc priests
  2 gnoll shamans (D:6)
  3 orc wizards
  Crazy Yiuf (D:3)
  3 iguanas
  4 hounds
  6 worker ants
  A crocodile zombie (D:6)
  A big kobold skeleton (D:8)
  52 gnolls
  8 green rats (Lair:1)
  A shadow imp (D:5)
  14 adders
  6 worms
  2 giant mites
  An orc zombie (D:8)
  An adder skeleton (D:8)
  A giant eyeball (D:8)
  5 giant geckos
  2 oozes (D:1)
  15 orcs
  20 bats
  6 giant cockroaches
  11 goblins
  12 hobgoblins
  27 jackals
  4 quokkas
  3 ball pythons
  6 giant newts
  A hobgoblin skeleton (D:5)
  34 kobolds
  A kobold zombie (D:6)
  24 rats
  A rat zombie (D:5)
342 creatures vanquished.

Notes
Turn   | Place    | Note
--------------------------------------------------------------
     0 | D:1      | Heini, the Minotaur Fighter, began the quest for the Orb.
     0 | D:1      | Reached XP level 1. HP: 19/19 MP: 1/1
    89 | D:1      | Reached XP level 2. HP: 20/27 MP: 1/1
   103 | D:1      | Reached skill level 4 in Fighting
   424 | D:1      | Reached XP level 3. HP: 33/33 MP: 2/2
  1167 | D:3      | Noticed Grinder
  1541 | D:3      | Reached XP level 4. HP: 32/41 MP: 1/2
  1568 | D:3      | Reached skill level 5 in Fighting
  1575 | D:3      | Reached skill level 5 in Armour
  1575 | D:3      | Reached XP level 5. HP: 25/48 MP: 2/2
  2102 | D:3      | Noticed Crazy Yiuf
  2146 | D:3      | Killed Crazy Yiuf
  2252 | D:3      | Reached XP level 6. HP: 53/56 MP: 1/3
  2457 | D:4      | Paralysed by Grinder for 3 turns
  2468 | D:4      | Killed Grinder
  2468 | D:4      | Reached skill level 5 in Maces & Flails
  2468 | D:4      | Reached skill level 6 in Armour
  2468 | D:4      | Reached XP level 7. HP: 48/62 MP: 2/3
  2512 | D:4      | Noticed Sigmund
  2520 | D:4      | Killed Sigmund
  2576 | D:4      | Noticed a scorpion
  2582 | D:4      | Killed a scorpion
  2582 | D:4      | Reached skill level 7 in Armour
  2944 | D:5      | Entered Level 5 of the Dungeon
  3081 | D:5      | Found a blossoming altar of Fedhas.
  3081 | D:5      | Found an iron altar of Okawaru.
  3089 | D:5      | Became a worshipper of Warmaster Okawaru
  3176 | D:5      | Reached XP level 8. HP: 32/71 MP: 1/3
  3994 | D:5      | Found a shadowy altar of Dithmenos.
  4088 | D:6      | Reached skill level 8 in Armour
  4198 | D:6      | Acquired Okawaru's first power
  4261 | D:6      | Noticed Heini's ghost (experienced MiFi)
  4830 | D:7      | Found a shattered altar of Ashenzari.
  5056 | D:7      | Found a staircase to the Ecumenical Temple.
  5186 | D:6      | Reached skill level 9 in Armour
  5378 | D:6      | Found an ancient bone altar of Kikubaaqudgha.
  5524 | D:6      | Reached XP level 9. HP: 54/81 MP: 4/4
  5551 | D:6      | Noticed a manticore
  5808 | D:6      | Reached skill level 10 in Maces & Flails
  6650 | D:6      | Killed Heini's ghost
  6650 | D:6      | Reached skill level 11 in Maces & Flails
  7080 | D:8      | Noticed Dowan
  7081 | D:8      | Noticed Duvessa
  7099 | D:8      | Killed Duvessa
  7106 | D:8      | Killed Dowan
  7272 | D:8      | Found a staircase to the Lair.
  7295 | D:8      | Reached XP level 10. HP: 91/91 MP: 4/4
  7347 | D:8      | Found Esig's Antique Armour Shoppe.
  7542 | D:8      | Reached skill level 10 in Armour
  7576 | D:8      | Paralysed by a giant eyeball for 2 turns
  7582 | D:8      | Paralysed by a giant eyeball for 4 turns
  7613 | D:8      | Found an iron altar of Okawaru.
  7697 | D:8      | Reached skill level 12 in Maces & Flails
  7905 | Lair:1   | Entered Level 1 of the Lair of Beasts
  7933 | Lair:1   | Reached skill level 10 in Fighting
  8680 | Lair:1   | Reached skill level 13 in Maces & Flails
  9122 | Lair:1   | Noticed Prince Ribbit
  9130 | Lair:1   | Killed Prince Ribbit
  9165 | Lair:1   | HP: 4/94 [blink frog[Prince Ribbit] (11)]
  9167 | Lair:1   | Mangled by a blink frog

Action                   |  1- 3 |  4- 6 |  7- 9 | 10-12 || total
-------------------------+-------+-------+-------+-------++-------
Melee: Flail             |   141 |    93 |   127 |       ||   361
       Morningstar       |       |       |   495 |   260 ||   755
Invok: Heroism           |       |       |     1 |       ||     1
Evoke: Wand              |       |       |     3 |       ||     3
  Use: Scroll            |     6 |     1 |    15 |     1 ||    23
       Potion            |       |       |     2 |     1 ||     3
